 Dungeon Crawl Stone Soup version 0.30-a0-879-ga8ba668304 (webtiles) character file.

Game seed: 9076544822597635241

2 hikkokomori the Gusty (level 1, 0/10 HPs)
             Began as a Tengu Air Elementalist on Mar 13, 2023.
             Slain by a quokka (3 damage)
             ... on level 1 of the Dungeon.
             The game lasted 00:00:21 (78 turns).

hikkokomori the Gusty (Tengu Air Elementalist)        Turns: 78, Time: 00:00:22

Health: 0/10       AC:  2    Str:  8    XL:     1   Next: 40%
Magic:  0/4        EV: 12    Int: 15    God:
Gold:   18         SH:  0    Dex: 14    Spells: 3/4 levels left

rFire   . . .      SeeInvis .    (no weapon)
rCold   . . .      Faith    .    (no shield)
rNeg    . . .      Spirit   .    a - +0 robe
rPois   .          Reflect  .    (helmet restricted)
rElec   .          Rampage  .    (no cloak)
rCorr   .                        (no gloves)
Will    .....                    (boots unavailable)
Stlth   ++                       (no amulet)
HPRegen 0.21/turn                (no ring)
MPRegen 0.09/turn                (no ring)

@: no status effects
A: beak, talons 3
a: no special abilities


You were on level 1 of the Dungeon.
You visited 1 branch of the dungeon, and saw 1 of its levels.

You collected 18 gold pieces.

Inventory:

Armour
 a - a +0 robe (worn)
Potions
 b - a potion of magic


   Skills:
 + Level 0.2 Fighting
 - Level 2.1 Dodging
 + Level 2.0 Stealth
 - Level 2.0 Spellcasting
 + Level 1.5 Conjurations
 + Level 4.1 Air Magic


You had 3 spell levels left.
You knew the following spells:

 Your Spells              Type           Power      Damage    Failure   Level
a - Shock                 Conj/Air       36%        1d5       7%          1

Your spell library contained the following spells:

 Spells                   Type           Power      Damage    Failure   Level
 Static Discharge         Conj/Air       18%        2-3/arc   11%         2
 Swiftness                Air            13%        N/A       12%         3
 Inner Flame              Hex/Fire       1%         N/A       54%         3
 Airstrike                Air            6%         2d(1-17)  38%         4
 Flame Wave               Conj/Fire      3%         2d5       85%         4
 Sticky Flame             Conj/Fire      3%         2d3       85%         4


Dungeon Overview and Level Annotations

Branches:
Dungeon (1/15)

Altars:


Innate Abilities, Weirdness & Mutations

You have a beak for a mouth.
You have claws for feet.


Message History

A ball python comes into view.
Found 11 gold pieces.
The hobgoblin barely misses you.
There is an open door here.
You hit the hobgoblin but do no damage.
The hobgoblin is almost dead.
The hobgoblin misses you.
You closely miss the hobgoblin. Your kick misses the hobgoblin.
Your peck misses the hobgoblin.
The hobgoblin is almost dead.
The hobgoblin closely misses you.
You hit the hobgoblin but do no damage.
The hobgoblin is almost dead.
The hobgoblin closely misses you.
You hit the hobgoblin but do no damage.
You claw the hobgoblin, but do no damage.
Your peck misses the hobgoblin.
The hobgoblin is almost dead.
The hobgoblin hits you.
You closely miss the hobgoblin. You claw the hobgoblin.
You kill the hobgoblin!
The ball python hisses angrily.
The quokka bites you but does no damage.
You hit the quokka but do no damage. Your peck misses the quokka.
The quokka barely misses you.
The zap misses the quokka.
The zap misses the ball python.
The quokka bites you.
You closely miss the quokka.
The quokka bites you but does no damage.
You miss the quokka.
The quokka bites you but does no damage.
You miss the quokka. The quokka bites you.
* * * LOW HITPOINT WARNING * * *
The quokka bites you but does no damage.
You are too injured to fight recklessly!
The quokka attacks as you move away! The quokka barely misses you.
The quokka bites you but does no damage.
You hit the quokka. Your peck misses the quokka.
The quokka is lightly wounded.
The quokka bites you.
You die...

..##...## #.#
#.#.....###.# ########
#........##.# #..>..⌠#
#.........#.###......#
+.........'...#......#
#.........#.###.##...#
#........##...#.##...#
#.#.....####.##......#
##..@## #..'.....⌠#
##r## ####......# #S#
#.##..≈# ... #.##.≈≈#
$.... #...≈≈≈# ##....#
#...≈≈≈# .....#
#..<≈≈⌠# #....#
######## ...#.#


You could see a quokka and a ball python.

Vanquished Creatures
  A hobgoblin (D:1)
  2 rats (D:1)
3 creatures vanquished.

Notes
Turn   | Place    | Note
-------+----------+-------------------------------------------
     0 | D:1      | hikkokomori the Tengu Air Elementalist began the quest for
                  | the Orb.
     0 | D:1      | Reached XP level 1. HP: 10/10 MP: 4/4
    78 | D:1      | Slain by a quokka

Illustrated notes

Levels and vault maps discovered:
D:1:      amcnicky_arrival_flooded_fountain, layout_loops_corners,
          reono_crystal_passage, st_stairs_5, corexii_item_surrounded_by_moat,
          serial_bayou_lake_a

Action                     || total
---------------------------++-------
  Melee: Unarmed           ||    10
         Kick              ||     2
   Cast: Shock             ||     7
 Armour: Robe              ||     5
  Dodge: Dodged            ||     6

Table legend: (Time is in decaauts)
 A = Elapsed time spent in this place.
 B = Non-inter-level travel time spent in this place.
 C = Inter-level travel time spent in this place.
 D = Time resting spent in this place.
 E = Time spent auto-exploring this place.
 F = Levels seen in this place.
 G = Mean time per level.
                   A        B        C        D        E       F      G
               +--------+--------+--------+--------+--------+-----+--------+
         Total |     78 |     78 |      0 |      0 |     55 |   1 |   78.0 |
       Dungeon |     78 |     78 |      0 |      0 |     55 |   1 |   78.0 |
               +--------+--------+--------+--------+--------+-----+--------+

Top non-repeatable levels by time:
     D:1: 78 daAuts
